 Dungeon Crawl Stone Soup version 0.19.1 (webtiles) character file.

65 Iskender the Cudgeler (level 4, 33/33 HPs)
             Began as a Formicid Wanderer on Nov 28, 2016.
             Quit the game on level 3 of the Dungeon on Dec 6, 2016.
             The game lasted 00:07:42 (1605 turns).

Iskender the Cudgeler (Formicid Wanderer)           Turns: 1605, Time: 00:07:43

Health: 33/33      AC:  9    Str: 16    XL:     4   Next: 34%
Magic:  7/7        EV:  6    Int: 11    God:
Gold:   44         SH:  0    Dex: 12    Spells: 0 memorised, 7 levels left

rFire  . . .     SeeInvis +     a - +1 whip (freeze)
rCold  . . .     Gourm    .     h - +0 chain mail
rNeg   . . .     Faith    .     (no shield)
rPois  .         Spirit   .     (helmet unavailable)
rElec  .         Reflect  .     w - +0 cloak
rCorr  .         Harm     .     (no gloves)
MR     .....                    (no boots)
Stlth  ..........               (no amulet)
                                (no ring)
                                (no ring)

@: no status effects
A: permanent stasis, dig shafts and tunnels, four strong arms, antennae 3
a: Dig, Shaft Self


You were on level 3 of the Dungeon.
You were not hungry.

You visited 1 branch of the dungeon, and saw 3 of its levels.

You collected 44 gold pieces.

Inventory:

Hand Weapons
 a - a +1 whip of freezing (weapon)
 b - a +2 shortbow
 j - a +0 spear
 m - a +0 mace
 p - a +2 dagger of venom
Missiles
 e - 68 arrows
 l - 107 stones (quivered)
 o - 28 poisoned needles
Armour
 d - a +0 robe
 h - a +0 chain mail (worn)
 w - a +0 cloak (worn)
Scrolls
 i - a scroll of identify
 n - a scroll of random uselessness {unknown}
 q - a scroll of remove curse
 s - a scroll of magic mapping
 y - a scroll of enchant armour {unknown}
Potions
 c - a potion of lignification
 r - a potion of heal wounds
 t - a potion of agility
 u - a potion of flight
 v - a potion of degeneration {unknown}
Comestibles
 f - a bread ration
 g - a beef jerky
 k - a meat ration
 x - 3 chunks of flesh


   Skills:
 - Level 2.1 Fighting
 + Level 3.6 Maces & Flails
 - Level 1.0 Bows
 - Level 2.1 Armour
 - Level 1.2 Stealth
 - Level 2.1 Spellcasting
   Level 1.0 Necromancy
   Level 1.1 Evocations


You had 7 spell levels left.
You didn't know any spells.

Dungeon Overview and Level Annotations

Branches:
Dungeon (3/15)

Altars:


Innate Abilities, Weirdness & Mutations

You are under a permanent stasis effect.
You can dig through walls and to a lower floor.
Your four strong arms can wield two-handed weapons with a shield.
You have a pair of large antennae on your head. (SInv)


Message History

The orc is severely wounded.
The orc hits you but does no damage.
You hit the orc. You freeze the orc.
You kill the orc!
Things that are here:
a flail; an orc corpse You butcher the orc corpse.
x - 3 chunks of flesh
Things that are here:
a flail; an orc skeleton A hobgoblin comes into view.
It is wielding a club.
You hit the hobgoblin. You freeze the hobgoblin.
You kill the hobgoblin!
You see here a club.
Save game and exit?
Welcome back, Iskender the Formicid Wanderer.
Press ? for a list of commands and other information.
Autopickup is now off.
Autopickup is now on.
Are you sure you want to abandon this character and quit the game? (Confirm with "yes".)

# # #{ .#. #### #.#
#... #.# #.##
#@###### #
#......### #### #
##.####.#.. ..#.##
##...###.#.# #.#...
#........#.####.####
##...###.#.#........
##..# #....)...####
#..###.#......#
##.....########


There were no monsters in sight!

Vanquished Creatures
  An adder (D:2)
  2 leopard geckos (D:2)
  An orc (D:3)
  5 bats
  2 giant cockroaches (D:1)
  3 goblins
  4 hobgoblins
  11 jackals
  9 kobolds
  2 frilled lizards (D:1)
  8 rats
48 creatures vanquished.

Notes
Turn   | Place    | Note
-------+----------+-------------------------------------------
     0 | D:1      | Iskender the Formicid Wanderer began the quest for the Orb.
     0 | D:1      | Iskender set off with: a +2 shortbow, 25 arrows, a potion of lignification, a +0 robe, a bread ration
     0 | D:1      | Reached XP level 1. HP: 16/16 MP: 3/3
    61 | D:1      | Reached skill level 1 in Maces & Flails
   144 | D:1      | Reached XP level 2. HP: 16/22 MP: 5/5
   347 | D:1      | Reached skill level 2 in Maces & Flails
   434 | D:1      | Reached XP level 3. HP: 27/27 MP: 6/6
   950 | D:2      | Reached skill level 3 in Maces & Flails
  1173 | D:2      | Reached XP level 4. HP: 32/33 MP: 7/7
  1605 | D:3      | Quit the game

Skill      XL: |  1  2  3 |
---------------+----------+-----
Maces & Flails | 1 2 3 |  3.6
Fighting       | |  2.1
Bows           | |  1.0
Armour         | |  2.1
Stealth        | |  1.2
Spellcasting   | |  2.1
Necromancy     | |  1.0
Evocations     | |  1.1

Action                   |  1- 3 |  4- 6 || total
-------------------------+-------+-------++-------
Melee: Mace              |    44 |       ||    44
       Whip              |    72 |     9 ||    81
 Fire: Shortbow          |    18 |       ||    18
Throw: Stone             |     1 |       ||     1
 Abil: Dig               |    10 |     1 ||    11
  Use: Scroll            |     5 |       ||     5
  Eat: Chunk             |     2 |     2 ||     4
Armor: Robe              |     1 |       ||     1
       Chain mail        |    69 |     3 ||    72
Dodge: Dodged            |    42 |       ||    42
